 Dungeon Crawl Stone Soup version 0.22-a0-605-g9281fa2407 (webtiles) character file.

198 LordofOblivion the Magician (level 5, 0/28 HPs)
             Began as a Deep Elf Venom Mage on July 8, 2018.
             Was an Initiate of Dithmenos.
             Killed by nerve-wracking pain
             ... invoked by Grinder
              (2 damage)
             ... on level 3 of the Dungeon.
             The game lasted 00:28:08 (3816 turns).

LordofOblivion the Magician (Deep Elf Venom Mage)   Turns: 3816, Time: 00:28:08

Health: 0/28       AC:  4    Str:  5    XL:     5   Next: 47%
Magic:  8/14       EV: 12    Int: 21    God:    Dithmenos [......]
Gold:   73         SH:  0    Dex: 15    Spells: 7/13 levels left

rFire    . . .     SeeInvis .   n - +0 hand axe
rCold    . . .     Gourm    .   (no shield)
rNeg     + + .     Faith    .   f - +0 leather armour
rPois    .         Spirit   .   (no helmet)
rElec    .         Reflect  .   (no cloak)
rCorr    .         Harm     .   (no gloves)
MR       .....                  z - +0 pair of boots
Stlth    ++........             (no amulet)
HPRegen  0.09/turn              t - ring of positive energy
MPRegen  0.14/turn              B - ring of positive energy

@: no status effects
A: no striking features
a: Renounce Religion


You were on level 3 of the Dungeon.
You worshipped Dithmenos.
Dithmenos was noncommittal.
You were not hungry.

You visited 1 branch of the dungeon, and saw 3 of its levels.

You collected 73 gold pieces.

Inventory:

Hand Weapons
 j - a +0 hunting sling
 n - a +0 hand axe (weapon)
 o - a +0 whip
Missiles
 d - 6 needles of confusion
 e - 15 poisoned needles
 l - 53 arrows
 x - 40 bolts
 y - 7 needles of frenzy
Armour
 a - a +0 robe
 b - a +0 pair of boots
 f - a +0 leather armour (worn)
 z - a +0 pair of boots (worn)
Jewellery
 t - a ring of positive energy (left hand)
 B - a ring of positive energy (right hand)
Wands
 D - a wand of digging (12)
Scrolls
 g - a scroll of remove curse
 m - 2 scrolls of blinking {unknown}
 q - a scroll of enchant weapon {unknown}
 u - a scroll of noise {unknown}
 v - a scroll of teleportation {unknown}
 A - 2 scrolls of amnesia {unknown}
 E - a scroll of magic mapping {unknown}
Potions
 h - a potion of agility {unknown}
 i - a potion of heal wounds {unknown}
 k - a potion of haste {unknown}
 p - 2 potions of degeneration {unknown}
 r - a potion of brilliance {unknown}
 w - a potion of might {unknown}
 C - a potion of lignification {unknown}
Comestibles
 c - 8 rations
 s - 4 chunks of flesh


   Skills:
 * Level 0.6 Fighting
 - Level 0.3 Armour
 * Level 2.9 Dodging
 + Level 2.6 Stealth
 + Level 4.8 Spellcasting
 + Level 1.6 Conjurations
 * Level 2.1 Air Magic
 * Level 4.6 Poison Magic


You had 7 spell levels left.
You knew the following spells:

 Your Spells              Type           Power        Failure   Level  Hunger
a - Sting                 Conj/Pois      ###.         5%          1    None
b - Poisonous Vapours     Pois/Air       ###...       7%          2    None
c - Mephitic Cloud        Conj/Pois/Air  ###.....     17%         3    ##.....

Your spell library contained the following spells:

 Spells                   Type           Power        Failure   Level  Hunger
 Venom Bolt               Conj/Pois      ###.......   82%         5    #####..
 Olgreb's Toxic Radiance  Pois           ###.....     26%         4    ####...


Dungeon Overview and Level Annotations

Branches:
Dungeon (3/15)

Altars:
Ashenzari
Dithmenos
Hepliaklqana
Okawaru
Qazlal
Vehumet

Annotations:
D:3 Grinder


Message History

Grinder hits you.
You hit Grinder.
Grinder is lightly wounded.
Grinder hits you.
You hit Grinder but do no damage.
Grinder is lightly wounded.
Grinder hits you!
* * * LOW HITPOINT WARNING * * *
You writhe in agony.
* * * LOW HITPOINT WARNING * * *
Grinder completely misses you.
You hit Grinder.
Grinder is lightly wounded.
Grinder barely misses you.
You hit Grinder but do no damage.
Grinder is lightly wounded.
Grinder blinks!
Grinder gestures at you. Pain shoots through your body!
You die...

.............#####............##.
............. ..#............##.
.....#....... #.#...............
............. #.#.........######
......####### #.#>...........#
#####.#.<$.#####.##.....###...###
......#..........##..............
......#.......%5.##.....#########
......#.........@##.....#........
....#.#............####........##
#####.##...........# #..........
#####.##...........# #......<...
...##.##...........####..........
...........#####............#..##
..<........# #...#####....#...#..
...........# #.......#......#....
...........###.......#....#...#..


You could see Grinder.

Vanquished Creatures
  Natasha (thrice) (D:3)
  4 gnolls (D:2)
  An adder (D:2)
  An ooze (D:2)
  3 worms (D:2)
  A dart slug (D:1)
  An orc (D:3)
  A ball python (D:3)
  5 bats
  3 giant cockroaches
  9 goblins
  9 hobgoblins
  A quokka (D:2)
  5 frilled lizards
  9 kobolds
  12 rats
68 creatures vanquished.

Notes
Turn   | Place    | Note
-------+----------+-------------------------------------------
     0 | D:1      | LordofOblivion the Deep Elf Venom Mage began the quest for the Orb.
     0 | D:1      | Reached XP level 1. HP: 10/10 MP: 6/6
   357 | D:1      | Reached XP level 2. HP: 5/15 MP: 1/8
   549 | D:1      | Learned a level 2 spell: Poisonous Vapours
  1423 | D:2      | Reached XP level 3. HP: 17/19 MP: 0/9
  1671 | D:2      | Found a radiant altar of Vehumet.
  1672 | D:2      | Found a stormy altar of Qazlal.
  1672 | D:2      | Found an iron altar of Okawaru.
  1673 | D:2      | Found a hazy altar of Hepliaklqana.
  2048 | D:2      | Reached skill level 1 in Air Magic
  2114 | D:2      | Found a faded altar of an unknown god.
  2136 | D:2      | Reached XP level 4. HP: 19/24 MP: 0/12
  2279 | D:2      | Found a shattered altar of Ashenzari.
  2781 | D:2      | Found a shadowy altar of Dithmenos.
  2786 | D:2      | Became a worshipper of Dithmenos the Shadowed
  3008 | D:2      | Learned a level 3 spell: Mephitic Cloud
  3531 | D:3      | Noticed Natasha
  3534 | D:3      | Killed Natasha
  3534 | D:3      | Reached XP level 5. HP: 28/28 MP: 6/13
  3541 | D:3      | Noticed Natasha
  3545 | D:3      | Killed Natasha
  3666 | D:3      | Found an iron altar of Okawaru.
  3672 | D:3      | Noticed Natasha
  3676 | D:3      | Killed Natasha
  3783 | D:3      | Noticed Grinder
  3785 | D:3      | Paralysed by Grinder for 5 turns
  3816 | D:3      | Killed from afar by Grinder

Vault maps used:
D:1:      dpeg_arrival_radiant
D:2:      chequers_temple_overflow_statue_of_worship, marbit_many_paths,
          lemuel_crystal_altar, chequers_ecumenical_altar_island
D:3:      first_ration, hangedman_decor_clover_reticule, hex_tiny,
          okawaru_trees_2, uniq_grinder, uniq_natasha

Skill      XL: |  1  2  3  4  5 |
---------------+----------------+-----
Poison Magic   | 4 |  4.6
Air Magic      | 1 2 |  2.1
Spellcasting   | 4 |  4.8
Fighting       | |  0.6
Armour         | |  0.3
Dodging        | |  2.9
Stealth        | |  2.6
Conjurations   | |  1.6

Action                   |  1- 3 |  4- 6 || total
-------------------------+-------+-------++-------
Melee: Unarmed           |    25 |       ||    25
       Hand axe          |    14 |    20 ||    34
       Hunting sling     |     1 |       ||     1
 Cast: Sting             |    34 |    36 ||    70
       Poisonous Vapours |    37 |    26 ||    63
  Use: Scroll            |       |     1 ||     1
  Eat: Ration            |     2 |       ||     2
       Chunk             |       |     3 ||     3
Armor: Robe              |     1 |       ||     1
       Leather armour    |    12 |     4 ||    16
Dodge: Dodged            |    33 |    20 ||    53

Table legend:
 A = Spawn XP
 B = Non-spawn XP
 C = Spawn XP percentage of total XP
 D = Spawn monster count
 E = Non-spawn monster count
 F = Spawn count percentage of total count
 G = Total turns spent on level
                    A         B        C        D         E        F      G
               +---------+---------+-------+---------+---------+-------+---------
         Total |       0 |     284 |   0.0 |       0 |      68 |   0.0 |  3816
               +---------+---------+-------+---------+---------+-------+---------
           D:1 |       0 |      30 |   0.0 |       0 |      20 |   0.0 |  1371
           D:2 |       0 |     127 |   0.0 |       0 |      33 |   0.0 |  1643
           D:3 |       0 |     127 |   0.0 |       0 |      15 |   0.0 |   802
               +---------+---------+-------+---------+---------+-------+---------
